 Dungeon Crawl Stone Soup version 0.25-a0-316-gd28d56f9c5 (webtiles) character file.

Game seed: 18409158277275491941, levelgen mode: classic

109 Borgoz the Twirler (level 4, -3/27 HPs)
             Began as a Gargoyle Gladiator on Dec 24, 2019.
             Slain by an orc warrior
             ... wielding a +0 battleaxe
              (21 damage)
             ... on level 2 of the Dungeon.
             The game lasted 00:01:25 (1414 turns).

Borgoz the Twirler (Gargoyle Gladiator)             Turns: 1414, Time: 00:01:26

Health: -3/27      AC: 11    Str: 18    XL:     4   Next: 90%
Magic:  4/4        EV: 11    Int:  8    God:
Gold:   44         SH:  0    Dex: 12    Spells: 3/3 levels left

rFire    . . .     SeeInvis .   a - +0 quarterstaff
rCold    . . .     Gourm    .   (shield currently unavailable)
rNeg     + . .     Faith    .   j - +0 scale mail
rPois    ∞         Spirit   .   c - +0 helmet
rElec    +         Reflect  .   (no cloak)
rCorr    .         Harm     .   (no gloves)
MR       .....                  (no boots)
Stlth    ..........             (no amulet)
HPRegen  0.09/turn              (no ring)
MPRegen  0.09/turn              (no ring)

@: no status effects
A: negative energy resistance 1, electricity resistance, unbreathing,
petrification resistance, rot immunity, AC +3
a: no special abilities


You were on level 2 of the Dungeon.
You were not hungry.

You visited 1 branch of the dungeon, and saw 2 of its levels.

You collected 44 gold pieces.

Inventory:

Hand Weapons
 a - a +0 quarterstaff (weapon)
Missiles
 d - 3 throwing nets (quivered)
Armour
 c - a +0 helmet (worn)
 j - a +0 scale mail (worn)
Scrolls
 e - a scroll of amnesia {unknown}
 i - a scroll of teleportation {unknown}
 k - a scroll of identify {unknown}
Potions
 b - a potion of agility {unknown}
 h - a potion of might {unknown}
 l - a potion of curing {unknown}
Comestibles
 f - 4 rations
 g - a chunk of flesh


   Skills:
 + Level 2.9 Fighting
 * Level 4.0 Staves
 - Level 1.7 Throwing
 + Level 1.6 Armour
 * Level 3.2 Dodging


You had 3 spell levels left.
You didn't know any spells.
Your spell library was empty.

Dungeon Overview and Level Annotations

Branches:
Dungeon (2/15)

Altars:


Innate Abilities, Weirdness & Mutations

You are resistant to torment.
Your stone body is resilient. (AC +3)
You are immune to poison.
You resist negative energy. (rN+)
You are resistant to electric shocks. (rElec)
You can survive without breathing.
You are immune to petrification.
You are immune to rotting.


Message History

The orc warrior is moderately wounded.
The frilled lizard bites you but does no damage.
The orc wizard hits you but does no damage.
You hit the orc warrior but do no damage.
The orc warrior is moderately wounded.
The orc warrior hits you with a +0 battleaxe!
The frilled lizard completely misses you.
The orc wizard gestures wildly while chanting.
The orc wizard seems to speed up.
You hit the orc warrior but do no damage.
The orc warrior is moderately wounded.
The orc wizard closely misses you. The frilled lizard closely misses you.
The orc warrior closely misses you. The orc wizard misses you.
You hit the orc warrior but do no damage.
The orc warrior is moderately wounded.
The orc wizard hits you but does no damage.
The frilled lizard barely misses you.
The orc warrior hits you with a +0 battleaxe!!
Ouch! That really hurt!
You die...

#.........# #.........#
#.........# ####
###.........## ...#
..........).. ...#
#...wKo...# ...#
#..olol...# ##.# ##@#
.#.## #).# .#..## ##)##
.#.
.##..#########.)##.....
.###.#.........?)......
.###^#.#######..#####.#
.....#.# #### .......#
###(.###


You could see an orc warrior, a worm, an orc wizard, an orc, a kobold and 2
frilled lizards.

Vanquished Creatures
  A scorpion (D:2)
  An adder (D:2)
  An ooze (D:1)
  3 dart slugs
  An orc (D:2)
  A ball python (D:2)
  5 bats (D:1)
  2 giant cockroaches (D:1)
  6 hobgoblins (D:1)
  4 jackals (D:1)
  A frilled lizard (D:1)
  9 goblins
  2 kobolds
  2 rats
39 creatures vanquished.

Notes
Turn   | Place    | Note
-------+----------+-------------------------------------------
     0 | D:1      | Borgoz the Gargoyle Gladiator began the quest for the Orb.
     0 | D:1      | Reached XP level 1. HP: 12/12 MP: 1/1
   267 | D:1      | Reached XP level 2. HP: 15/17 MP: 2/2
   687 | D:1      | Reached skill level 1 in Armour
   691 | D:1      | Reached XP level 3. HP: 22/22 MP: 3/3
  1261 | D:2      | Noticed a scorpion
  1274 | D:2      | Killed a scorpion
  1274 | D:2      | Reached XP level 4. HP: 18/27 MP: 4/4
  1402 | D:2      | Reached skill level 4 in Staves
  1404 | D:2      | Noticed an orc warrior
  1414 | D:2      | Slain by an orc warrior

Levels and vault maps discovered:
D:1:      zaba_arrival_water, layout_loops_corners
D:2:      layout_rooms

Skill      XL: |  1  2  3  4 |
---------------+-------------+-----
Armour         | 1 |  1.6
Dodging        | 3 |  3.2
Staves         | 4 |  4.0
Fighting       | |  2.9
Throwing       | |  1.7

Action                   |  1- 3 |  4- 6 || total
-------------------------+-------+-------++-------
Melee: Quarterstaff      |   109 |    14 ||   123
  Eat: Chunk             |     1 |     1 ||     2
Armor: Leather armour    |    27 |       ||    27
       Scale mail        |    29 |     8 ||    37
Dodge: Dodged            |    64 |    14 ||    78

Table legend:
 A = Non-vault XP
 B = Vault XP
 C = Vault XP percentage of total XP
 D = Non-vault monster count
 E = Vault monster count
 F = Vault count percentage of total count
                 A         B        C        D         E       F
            +---------+---------+-------+---------+---------+-------
      Total |     157 |       0 |   0.0 |      39 |       0 |   0.0
            +---------+---------+-------+---------+---------+-------
        D:1 |      62 |       0 |   0.0 |      30 |       0 |   0.0
        D:2 |      95 |       0 |   0.0 |       9 |       0 |   0.0
            +---------+---------+-------+---------+---------+-------
